 Dungeon Crawl Stone Soup version 0.22.0 (webtiles) character file.

1782 BigChef the Slasher (level 8, -4/65 HPs)
             Began as a Demonspawn Chaos Knight on Aug 28, 2018.
             Slain by a wight
             ... wielding a +0 scimitar
              (7 damage)
             ... on level 7 of the Dungeon.
             The game lasted 00:15:27 (5580 turns).

BigChef the Slasher (Demonspawn Chaos Knight)       Turns: 5580, Time: 00:15:28

Health: -4/65      AC: 10    Str: 14      XL:     8   Next: 81%
Magic:  6/6        EV: 12    Int: 13      God:    Xom [....*.]
Gold:   386        SH:  0    Dex: 13 (14) Spells: 7/7 levels left

rFire    . . .     SeeInvis .   B - +2 falchion
rCold    + + .     Gourm    .   (no shield)
rNeg     . . .     Faith    .   l - +0 ring mail
rPois    .         Spirit   .   (no helmet)
rElec    .         Reflect  .   o - +0 cloak
rCorr    .         Harm     .   (no gloves)
MR       .....                  k - +0 pair of boots
Stlth    ++........             (no amulet)
HPRegen  0.20/turn              f - ring of wizardry
MPRegen  0.10/turn              s - ring "Atacrob" {rC++ Stlth+}

@: drained
A: hooves 1, rugged brown scales 1, low mp 2, powered by death 1, shaggy fur 1,
spiny 1, evolution 1
a: Renounce Religion


You were on level 7 of the Dungeon.
You worshipped Xom.
You were a beloved toy of Xom.
You were hungry.

You visited 1 branch of the dungeon, and saw 8 of its levels.

You collected 386 gold pieces.

Inventory:

Hand Weapons
 a - a +2 falchion of chaos
 B - a +2 falchion (weapon)
Missiles
 v - 6 javelins of penetration (quivered)
Armour
 b - a +2 leather armour
 k - a +0 pair of boots (worn)
 l - a +0 ring mail (worn)
 o - a +0 cloak (worn)
 p - a +0 scale mail
Magical Staves
 q - an uncursed staff of power
Jewellery
 f - a ring of wizardry (left hand)
 s - the ring "Atacrob" (right hand) {rC++ Stlth+}
   (You found it on level 5 of the Dungeon)

   [ring of stealth]

   It greatly protects you from cold.
   It makes you more stealthy.
 x - a cursed -2 ring of protection
Scrolls
 d - a scroll of enchant weapon
 e - 4 scrolls of teleportation
 g - 2 scrolls of fear
 h - 2 scrolls of remove curse
 i - 4 scrolls of fog
 y - a scroll of magic mapping
Potions
 j - 3 potions of brilliance
 m - 6 potions of flight
 n - 2 potions of curing
 r - 3 potions of lignification
 t - a potion of invisibility {unknown}
 z - a potion of mutation {unknown}
 A - a potion of haste
Comestibles
 c - 6 rations


   Skills:
 + Level 5.7(5.2) Fighting
 + Level 6.6(6.1) Long Blades
 + Level 5.9(5.4) Armour
 + Level 3.4(2.9) Dodging
 + Level 2.4(2.0) Stealth


You had 7 spell levels left.
You didn't know any spells.
Your spell library was empty.

Dungeon Overview and Level Annotations

Branches:
Dungeon (8/15)             Temple (0/1) D:7
   Lair: D:8-11

Altars:
Elyvilon
Fedhas
Ru
Sif Muna
Uskayaw
Xom
Yredelemnul
The Shining One


Innate Abilities, Weirdness & Mutations

You have large cloven feet.
You are partially covered in rugged brown scales. (AC +1, +3% HP)
You regenerate a little health from kills.
You are partially covered in sharp spines.
Your magical capacity is very low. (-20% MP)
You are covered in fur. (AC +1)
You evolve.


Message History

The leopard gecko completely misses your butterfly.
There is a stone staircase leading up, spattered with blood here.
The wight hits you with a scimitar.
You feel drained. The two-headed ogre misses you.
The two-headed ogre hits you with a dire flail.
You climb upwards.
Your summoned allies are left behind.
There is a stone staircase leading down here.
Okay, then.
As you read the scroll of torment, it crumbles to dust.
Your body is wracked with pain!
* * * LOW HITPOINT WARNING * * *
The two-headed ogre convulses!
The two-headed ogre is struck by your spines.
The two-headed ogre hits you with a giant spiked club.
* * * LOW HITPOINT WARNING * * *
The two-headed ogre hits you with a dire flail!
* * * LOW HITPOINT WARNING * * *
The wight hits you with a scimitar!
You die...
Xom bursts into laughter!

# # ####### ......# #########
......# #.......# ......#
#.#####.#### .###.######.# #....#
.###.....##.########.#
(..............z@O...############
.#######..#.#######.............#
.# ##.#.# #......######## ##
#.#.# ###.###.## .####
#...#####...# #..## ....#
###.......### ##..## ###.##
###....#### ##..##### #
#..####....#...# ##.....##
####..#....#####.############....


You could see a two-headed ogre and a wight.

Vanquished Creatures
  An ice beast (D:5)
  2 necrophages
  A sky beast (D:5)
  A black bear (D:6)
  2 centaurs
  2 bullfrogs (D:7)
  3 killer bees
  3 wights
  2 howler monkeys (D:4)
  A crimson imp (D:7)
  A centaur zombie (D:6)
  A bullfrog zombie (D:7)
  2 hounds
  A bullfrog skeleton (D:4)
  An orc priest (D:7)
  2 centaur skeletons
  2 jellies
  An iguana (D:2)
  3 orc wizards (D:7)
  5 worker ants
  A hound zombie (D:5)
  7 adders
  An ooze (D:2)
  An adder skeleton (D:7)
  An adder zombie (D:5)
  3 dart slugs
  5 leopard geckos
  6 orcs
  2 ball pythons
  6 giant cockroaches
  14 hobgoblins
  12 jackals
  6 kobolds
  3 quokkas
  13 bats
  6 frilled lizards
  7 goblins
  A jackal skeleton (D:4)
  5 rats
137 creatures vanquished.

Vanquished Creatures (collateral kills)
  A centaur (D:6)
  A howler monkey (D:6)
  A hound (D:6)
  An orc (D:7)
4 creatures vanquished.

Vanquished Creatures (others)
  A wight (D:8)
  A goblin (D:3)
  A quokka (D:7)
3 creatures vanquished.

Grand Total: 144 creatures vanquished

Notes
Turn   | Place    | Note
-------+----------+-------------------------------------------
     0 | D:1      | BigChef the Demonspawn Chaos Knight began the quest for the Orb.
     0 | D:1      | Reached XP level 1. HP: 18/18 MP: 1/1
    63 | D:1      | XOM: harmless Hex miscast
   399 | D:1      | Gained mutation: You have large cloven feet. [demonic ancestry]
   399 | D:1      | Reached XP level 2. HP: 24/24 MP: 2/2
   441 | D:1      | Reached skill level 3 in Long Blades
   548 | D:1      | XOM: harmless Conj miscast
   626 | D:1      | XOM: divination: detect creatures
   716 | D:1      | Reached XP level 3. HP: 29/29 MP: 3/3
  1004 | D:1      | XOM: give mutations
  1004 | D:1      | Gained mutation: You are resistant to hostile enchantments. (MR+) [Xom's grace]
  1004 | D:1      | Gained mutation: You evolve. [Xom's grace]
  1004 | D:1      | Gained mutation: You are covered in fur. (AC +1) [Xom's grace]
  1004 | D:1      | Gained mutation: You are agile. (Dex +2) [Xom's grace]
  1112 | D:2      | XOM: scenery: create altars
  1319 | D:2      | Reached skill level 1 in Dodging
  1319 | D:2      | Gained mutation: You regenerate a little health from kills. [demonic ancestry]
  1319 | D:2      | Reached XP level 4. HP: 34/37 MP: 4/4
  1490 | D:2      | XOM: summons 1 hostile demon
  1678 | D:3      | Reached skill level 4 in Long Blades
  1688 | D:3      | XOM: give mutations
  1688 | D:3      | Gained mutation: Your magical capacity is low. (-10% MP) [Xom's mischief]
  1688 | D:3      | Gained mutation: Your body sometimes deteriorates upon taking damage. [Xom's mischief]
  1688 | D:3      | Lost mutation: You are agile. (Dex +2) [Xom's mischief]
  1688 | D:3      | Lost mutation: You are resistant to hostile enchantments. (MR+) [Xom's mischief]
  1816 | D:3      | Reached XP level 5. HP: 42/42 MP: 4/4
  1862 | D:3      | You fall through a shaft for 3 floors!
  1901 | D:6      | Noticed a black bear
  1903 | D:5      | Entered Level 5 of the Dungeon
  1911 | D:5      | Noticed an ice beast
  1916 | D:5      | XOM: swap monsters
  1925 | D:5      | Killed an ice beast
  1925 | D:5      | Reached skill level 1 in Stealth
  2296 | D:5      | XOM: cleaving
  2298 | D:5      | Reached XP level 6. HP: 48/48 MP: 5/5
  2675 | D:3      | Found a basalt altar of Yredelemnul.
  2677 | D:3      | Noticed a profane servitor
  2683 | D:3      | Found a glowing golden altar of the Shining One.
  2685 | D:3      | Noticed an angel
  2752 | D:3      | XOM: summons 3 hostile demons
  3055 | D:4      | Reached skill level 5 in Long Blades
  3085 | D:4      | Gained mutation: You are partially covered in sharp spines. [demonic ancestry]
  3085 | D:4      | Reached XP level 7. HP: 41/55 MP: 6/6
  3237 | D:4      | XOM: 2-stop teleportation journey
  3538 | D:5      | XOM: 6-stop teleportation journey
  3603 | D:5      | XOM: silly message
  3712 | D:5      | Got a faintly glowing steel ring
  3717 | D:5      | XOM: god gift: 6 javelins of penetration
  3718 | D:5      | Identified the ring "Atacrob" {rC++ Stlth+} (You found it on level 5 of the Dungeon)
  4090 | D:6      | XOM: summons 4 friendly demons
  4097 | D:6      | Reached skill level 5 in Fighting
  4109 | D:6      | Gained mutation: You are partially covered in rugged brown scales. (AC +1, +3% HP) [demonic ancestry]
  4109 | D:6      | Reached XP level 8. HP: 33/63 MP: 7/7
  4514 | D:6      | Found a sacrificial altar of Ru.
  4870 | D:7      | Lost mutation: Your body sometimes deteriorates upon taking damage. [evolution]
  4878 | D:7      | Found a blossoming altar of Fedhas.
  4907 | D:7      | XOM: scenery: create altars
  4931 | D:7      | Reached skill level 5 in Armour
  4985 | D:7      | Reached skill level 6 in Long Blades
  4990 | D:7      | XOM: enchant monster (good)
  5031 | D:7      | Found a deep blue altar of Sif Muna.
  5079 | D:7      | XOM: summons friendly white imp
  5327 | D:7      | Found a white marble altar of Elyvilon.
  5357 | D:7      | Found a hide-covered altar of Uskayaw.
  5403 | D:7      | Found a staircase to the Ecumenical Temple.
  5504 | D:7      | Gained mutation: Your magical capacity is very low. (-20% MP) [evolution]
  5540 | D:8      | XOM: destruction
  5558 | D:8      | XOM: destruction
  5559 | D:8      | Noticed a two-headed ogre
  5577 | D:8      | XOM: butterfly on damage
  5580 | D:7      | HP: 3/65 [two-headed ogre/giant spiked club (11)]
  5580 | D:7      | Slain by a wight

Skill      XL: |  1  2  3  4  5  6  7  8 |
---------------+-------------------------+-----
Long Blades    | 3 4 5 6 |  6.6
Armour         | 2 3 4 5 |  5.9
Dodging        | 1 2 3 |  3.4
Fighting       | 4 5 |  5.7
Stealth        | 1 2 |  2.4

Action                   |  1- 3 |  4- 6 |  7- 9 || total
-------------------------+-------+-------+-------++-------
Melee: Falchion          |   112 |   178 |   130 ||   420
       Kick              |    14 |       |       ||    14
  Use: Scroll            |     5 |     5 |     8 ||    18
       Potion            |     3 |     2 |       ||     5
 Stab: Paralysed         |     1 |     4 |       ||     5
       Confused          |       |     1 |       ||     1
       Distracted        |       |       |     2 ||     2
       Sleeping          |       |       |     2 ||     2
  Eat: Chunk             |     1 |     3 |     4 ||     8
       Ration            |       |     1 |     1 ||     2
Armor: Leather armour    |    45 |     9 |       ||    54
       Ring mail         |       |   139 |    49 ||   188
Dodge: Dodged            |    81 |    95 |    61 ||   237
       Rpst.: Falchion   |    19 |    32 |    18 ||    69
